 Seeded DCSS version 0.28.0-1-gb440e238dd (webtiles) character file.

Game seed: 10844669733645250963 (custom seed)

39 hikkokomori the Bolt Thrower (level 3, -2/27 HPs)
             Began as a Formicid Hunter on Feb 25, 2022.
             Slain by a hobgoblin (4 damage)
             ... on level 1 of the Dungeon.
             The game lasted 00:01:30 (916 turns).

hikkokomori the Bolt Thrower (Formicid Hunter)       Turns: 916, Time: 00:01:30

Health: -2/27      AC:  3    Str: 18    XL:     3   Next: 67%
Magic:  3/3        EV: 11    Int: 10    God:
Gold:   32         SH:  0    Dex: 11    Spells: 2/2 levels left

rFire   . . .      SeeInvis +   b - +0 short sword
rCold   . . .      Faith    .   (no shield)
rNeg    . . .      Spirit   .   c - +0 leather armour
rPois   .          Reflect  .   (helmet unavailable)
rElec   .          Harm     .   (no cloak)
rCorr   .          Rampage  .   (no gloves)
Will    .....                   (no boots)
Stlth   +.........              (no amulet)
HPRegen 0.09/turn               (no ring)
MPRegen 0.08/turn               (no ring)

@: no status effects
A: permanent stasis, dig shafts and tunnels, antennae 3, four strong arms
a: Dig, Shaft Self


You were on level 1 of the Dungeon.
You visited 1 branch of the dungeon, and saw 2 of its levels.

You collected 32 gold pieces.

Inventory:

Hand Weapons
 a - a +1 hand crossbow
 b - a +0 short sword (weapon)
 h - a +0 whip
Missiles
 d - 16 bolts
Armour
 c - a +0 leather armour (worn)
Jewellery
 f - a ring of willpower
Scrolls
 e - 5 scrolls of identify {unknown}
 i - a scroll of immolation {unknown}
Potions
 g - a potion of curing {unknown}


   Skills:
 - Level 2.2 Fighting
 + Level 5.1 Crossbows
 - Level 1.8 Dodging
 - Level 1.3 Stealth


You had 2 spell levels left.
You didn't know any spells.
Your spell library was empty.

Dungeon Overview and Level Annotations

Branches:
Dungeon (2/15)

Altars:


Innate Abilities, Weirdness & Mutations

You cannot be hasted, slowed, berserked, paralysed or teleported.
You can dig through walls and to a lower floor.
You have a pair of large antennae on your head. (SInv)
Your four strong arms can wield two-handed weapons with a shield.


Message History

You are too injured to fight recklessly!
You are too injured to fight recklessly!
You are too injured to fight recklessly!
You are too injured to fight recklessly!
You are too injured to fight recklessly!
You are too injured to fight recklessly!
You are too injured to fight recklessly!
You are too injured to fight recklessly!
You are too injured to fight recklessly!
You are too injured to fight recklessly!
You are too injured to fight recklessly!
You are too injured to fight recklessly!
You are too injured to fight recklessly!
You are too injured to fight recklessly!
You see here a hobgoblin corpse.
The goblin unwields a +0 club.
The goblin wields a +0 hunting sling.
The goblin shoots a stone.
The stone hits you but does no damage.
There is a stone staircase leading up here.
The hobgoblin misses you.
You climb upwards.
There is a stone staircase leading down here.
You hit the hobgoblin but do no damage. Your punch misses the hobgoblin.
The hobgoblin barely misses you.
You completely miss the hobgoblin. The hobgoblin closely misses you.
You barely miss the hobgoblin. The hobgoblin barely misses you.
You hit the hobgoblin.
The hobgoblin is severely wounded.
The hobgoblin barely misses you.
You completely miss the hobgoblin.
The hobgoblin is severely wounded.
The hobgoblin barely misses you. The hobgoblin hits you.
* * * LOW HITPOINT WARNING * * *
You barely miss the hobgoblin.
The hobgoblin is severely wounded.
The hobgoblin hits you.
* * * LOW HITPOINT WARNING * * *
You barely miss the hobgoblin.
The hobgoblin is severely wounded.
The hobgoblin hits you.
You die...

#........# #........#
#........#
####........#
#........####
#......).# ######
#........# #....#
###........#######.##.#
>.'.............@#.#..#
###.....####.###g#†..##
#.....# #.# #.#...#
##.....# #.# #....##
##.....#####.#####.##
#...#...##.......).#
...###...#.#.#######
...# #...#...#...#
..#####..###.#.#.#


You could see a hobgoblin.

Vanquished Creatures
  A dart slug (D:1)
  An orc (D:2)
  4 bats (D:1)
  5 endoplasms (D:1)
  4 giant cockroaches (D:1)
  3 goblins (D:1)
  A hobgoblin (D:2)
  2 quokkas (D:1)
  3 ball pythons (D:1)
  3 frilled lizards (D:1)
  4 kobolds
  A rat (D:1)
32 creatures vanquished.

Notes
Turn   | Place    | Note
-------+----------+-------------------------------------------
     0 | D:1      | hikkokomori the Formicid Hunter began the quest for the
                  | Orb.
     0 | D:1      | Reached XP level 1. HP: 16/16 MP: 1/1
    55 | D:1      | Reached XP level 2. HP: 22/22 MP: 2/2
   406 | D:1      | Reached XP level 3. HP: 27/27 MP: 3/3
   442 | D:1      | Found a faded altar of an unknown god.
   514 | D:1      | Reached skill level 5 in Crossbows
   916 | D:1      | Slain by a hobgoblin

Illustrated notes

Levels and vault maps discovered:
D:1:      dpeg_arrival_arbitrary_c, layout_basic,
          dreamdust_ecumenical_altar_grove
D:2:      layout_basic, uniq_robin

Skill      XL: |  1  2  3 |
---------------+----------+-----
Crossbows      | 5 |  5.1
Fighting       | |  2.2
Dodging        | |  1.8
Stealth        | |  1.3

Action                   || total
-------------------------++-------
Melee: Short sword       ||    56
       Punch             ||     2
 Fire: Hand crossbow     ||    40
 Stab: Sleeping          ||     1
Armor: Leather armour    ||    23
Dodge: Dodged            ||    48
